 Dungeon Crawl Stone Soup version 0.31-a0-222-gefeffbb62a (webtiles) character file.

Game seed: 5454872561067570649

101 Ijustatesigmund the Stinger (level 4, 0/39 (42) HPs)
             Began as an Octopode Venom Mage on July 5, 2023.
             Slain by a goblin
             ... wielding a +0 dagger
             ... led by Robin
              (1 damage)
             ... on level 3 of the Dungeon.
             The game lasted 00:06:59 (2545 turns).

Ijustatesigmund the Stinger (Octopode Venom Mage)   Turns: 2545, Time: 00:07:00

HP:   0/39 (42)     AC: 22    Str:  7    XL:     4   Next: 75%
MP:   0/8           EV:  2    Int: 19    God:
Gold: 73            SH:  0    Dex: 12    Spells: 2/8 levels left

rFire   . . .        c - +0 short sword
rCold   . . .        (no shield)
rNeg    . . .        (helmet currently unavailable)
rPois   +            (no amulet)
rElec   .            e - ring of resist corrosion
rCorr   +            (no ring)
SInv    .            (no ring)
Will    .....        (no ring)
Stlth   ++           (no ring)
HPRegen 0.26/turn    (no ring)
MPRegen 0.11/turn    (no ring)
                     (no ring)

%: no passive effects
@: tree-form, drained
A: stationary, stasis, torment immunity, boosted hp, almost no armour,
(amphibious), 8 rings, (camouflage 1), (gelatinous body 1), (nimble swimmer 1),
(tentacles)
a: no special abilities


You were on level 3 of the Dungeon.
You were a tree.
You visited 1 branch of the dungeon, and saw 3 of its levels.

You collected 73 gold pieces.

Inventory:

Hand Weapons
 c - a +0 short sword (weapon)
Jewellery
 e - a ring of resist corrosion (left branch)
Potions
 a - a potion of magic


   Skills:
 - Level 1.6 Fighting
 - Level 2.0 Dodging
 - Level 2.6 Stealth
 + Level 2.7 Spellcasting
 + Level 1.2 Conjurations
 - Level 1.0 Transmutations
 + Level 1.4 Air Magic
 + Level 4.4 Poison Magic


You had 2 spell levels left.
You knew the following spells:

 Your Spells              Type           Power      Damage    Failure   Level
a - Sting                 Tmut/Pois      52%        1d5       4%          1
b - Poisonous Vapours     Pois/Air       26%        N/A       7%          2
c - Mephitic Cloud        Conj/Pois/Air  11%        N/A       17%         3

Your spell library contained the following spells:

 Spells                   Type           Power      Damage    Failure   Level
 Apportation              Tloc           4%         N/A       16%         1
 Lesser Beckoning         Tloc           4%         N/A       24%         2
 Olgreb's Toxic Radiance  Pois           19%        N/A       24%         4
 Gell's Gravitas          Tloc           2%         N/A       43%         3
 Teleport Other           Tloc           2%         N/A       43%         3
 Alistair's Intoxication  Tmut/Pois      8%         N/A       80%         5
 Chain Lightning          Conj/Air       3%         3d4       100%        9
 Fire Storm               Conj/Fire      2%         8d1       100%        9
 Shatter                  Erth           1%         3d5*      100%        9


Dungeon Overview and Level Annotations

Branches:
Dungeon (3/15)

Altars:

Shops:
D:3 :[*

Annotations:
D:3 Natasha, Robin


Innate Abilities, Weirdness & Mutations

You are a tree.
Your roots penetrate the ground, keeping you stationary.
You cannot be teleported.
You are immune to unholy pain and torment.
Your maximum health is greatly increased.
You cannot wear most types of armour.
((You are amphibious.))
You can wear up to eight rings at the same time.
((Your skin changes colour to match your surroundings (Stealth+).))
((Your rubbery body absorbs attacks. (AC +1, EV +1)))
((You are camouflaged when in or above water. (Stealth+)))
((You have tentacles for arms and can constrict up to eight enemies at once.))


Message History

You kill the hobgoblin!
Robin looks more healthy.
The goblin misses you. The goblin hits you with a +0 dagger.
Robin throws the goblin at you!
* * * LOW HITPOINT WARNING * * *
The goblin closely misses you.
You feel better.
The cerulean imp disappears in a puff of smoke!
The goblin hits you with a +0 club.
* * * LOW HITPOINT WARNING * * *
The goblin hits you but does no damage. The goblin hits you with a +0 dagger.
* * * LOW HITPOINT WARNING * * *
Robin roars a battlecry!
The goblin goes into a battle-frenzy!
You feel better. The goblin closely misses you.
The goblin hits you with a +0 club!
* * * LOW HITPOINT WARNING * * *
The goblin barely misses you.
Really quaff the potion of lignification?
You turn into a tree.
Your roots penetrate the ground.
The goblin hits you but does no damage. x2
The goblin hits you with a +0 dagger.
* * * LOW HITPOINT WARNING * * *
You miss the goblin.
The goblin hits you but does no damage. x3
Okay, then.
Casting: Sting (safe; 4% risk of failure)
Confirm with . or Enter, or press ? or * to list all spells.
The spell is quite dangerous to miscast (17% risk of failure)!
Continue anyway?
Aiming: Mephitic Cloud (quite dangerous; 17% risk of failure)
Press: ? - help, Shift-Dir - straight line, p - Robin The ball explodes into a vile cloud!
The stinking cloud engulfs you but does no damage.
The stinking cloud engulfs the goblin but does no damage. x3
The goblin hits you but does no damage. x3
Natasha mewls in sadness.
You hit the goblin.
The goblin is severely wounded.
The goblin hits you but does no damage. The goblin hits you with a +0 club.
* * * LOW HITPOINT WARNING * * *
The goblin hits you with a +0 dagger.
You die...

#.###.#####.#
#.# #.# #.# #.#
#.###.###
#..#.....##
##....#.#...
###...#.....#.
#○gg#....#....
#♣#...#.....#(
#ggg5...#.#...
##g#5#.......#.
#gg...#...#...
##.#....#....#
#.....#...#...
#.#.#.......#
#.......#.#....
#.#...#.)...#..


You could see Robin, 2 cerulean imps, a hobgoblin (strong) and 6 goblins.

Vanquished Creatures
  Jessica (D:3)
  An adder (D:2)
  A worm (D:3)
  2 bats
  2 endoplasms
  4 giant cockroaches
  8 goblins
  9 hobgoblins
  7 jackals
  3 kobolds
  A quokka (D:1)
  11 ball pythons
  2 frilled lizards (D:1)
  2 rats
54 creatures vanquished.

Notes
Turn   | Place    | Note
-------+----------+-------------------------------------------
     0 | D:1      | Ijustatesigmund the Octopode Venom Mage began the quest for
                  | the Orb.
     0 | D:1      | Reached XP level 1. HP: 11/11 MP: 3/3
   125 | D:1      | Reached XP level 2. HP: 12/18 MP: 5/5
   270 | D:1      | Learned a level 2 spell: Poisonous Vapours
   275 | D:1      | Reached skill level 1 in Fighting
   344 | D:1      | Reached skill level 4 in Poison Magic
   525 | D:1      | Reached XP level 3. HP: 23/23 MP: 3/6
   558 | D:1      | Learned a level 3 spell: Mephitic Cloud
  1417 | D:2      | Reached skill level 1 in Air Magic
  1741 | D:2      | Reached XP level 4. HP: 28/28 MP: 4/7
  2115 | D:3      | Found Xuimne's Book Shoppe.
  2151 | D:3      | Found Newas's Antique Armour Boutique.
  2151 | D:3      | Noticed Jessica
  2156 | D:3      | Killed Jessica
  2157 | D:3      | Reached skill level 1 in Conjurations
  2203 | D:3      | Found Ucsoaf's Assorted Antiques.
  2515 | D:3      | Noticed Robin
  2519 | D:3      | Noticed Natasha
  2540 | D:3      | HP: 1/26 [goblin/+0 dagger[Robin] (4)]
  2545 | D:3      | HP: 1/39 [goblin/+0 club[Robin] (1)]
  2545 | D:3      | Slain by a goblin

Illustrated notes

Levels and vault maps discovered:
D:1:      dpeg_arrival_rooms_with_view, layout_rooms
D:2:      layout_basic
D:3:      layout_loops_ring, serial_shops, shop, nicolae_shop_rolling_square,
          shop, nicolae_shop_tiny_glass, nicolae_concentric_dashed_squares_mild,
          nicolae_kite_square_tiling_tiny, chequers_serial_rivers_small_3,
          grunt_ministairs_4, uniq_natasha, uniq_robin, uniq_jessica

Skill      XL: |  1  2  3  4 |
---------------+-------------+-----
Fighting       | 1 |  1.6
Poison Magic   | 4 |  4.4
Air Magic      | 1 |  1.4
Conjurations   | 1 |  1.2
Dodging        | |  2.0
Stealth        | |  2.6
Spellcasting   | |  2.7
Transmutations | |  1.0

Action                     |  1- 3 |  4- 6 || total
---------------------------+-------+-------++-------
  Melee: Unarmed           |    25 |       ||    25
         Constrict         |    23 |     9 ||    32
         Tentacles         |    18 |    11 ||    29
         Short sword       |    39 |    27 ||    66
         Punch             |     1 |       ||     1
   Cast: Sting             |     9 |     1 ||    10
         Poisonous Vapours |    19 |     9 ||    28
         Mephitic Cloud    |       |     2 ||     2
    Use: Scroll            |     4 |     1 ||     5
         Potion            |       |     5 ||     5
   Stab: Sleeping          |     4 |       ||     4
 Armour: Skin              |       |    17 ||    17
  Dodge: Dodged            |    48 |    40 ||    88

Table legend: (Time is in decaauts)
 A = Elapsed time spent in this place.
 B = Non-inter-level travel time spent in this place.
 C = Inter-level travel time spent in this place.
 D = Time resting spent in this place.
 E = Time spent auto-exploring this place.
 F = Levels seen in this place.
 G = Mean time per level.
                   A        B        C        D        E       F      G
               +--------+--------+--------+--------+--------+-----+--------+
         Total |   2545 |   2478 |     67 |    409 |   1694 |   3 |  848.3 |
       Dungeon |   2545 |   2478 |     67 |    409 |   1694 |   3 |  848.3 |
               +--------+--------+--------+--------+--------+-----+--------+

Top non-repeatable levels by time:
     D:1: 1089 daAuts
     D:2: 966 daAuts
     D:3: 489 daAuts
